 Dungeon Crawl Stone Soup version 0.21.1-1-g345015fe64 (webtiles) character file.

392 KamiKatze the Skirmisher (level 6, -5/66 HPs)
             Began as an Ogre Fighter on Feb 23, 2018.
             Slain by an ogre
             ... wielding a +0 giant club
              (11 damage)
             ... in the Ecumenical Temple.
             The game lasted 00:10:33 (2731 turns).

KamiKatze the Skirmisher (Ogre Fighter)             Turns: 2731, Time: 00:10:33

Health: -5/66      AC:  6    Str: 23    XL:     6   Next: 81%
Magic:  6/6        EV: 11    Int: 11    God:
Gold:   125        SH: 10    Dex:  8    Spells: 5/5 levels left

rFire    . . .     SeeInvis .   a - +0 war axe
rCold    . . .     Gourm    .   c - +1 shield
rNeg     . . .     Faith    .   b - +0 robe
rPois    .         Spirit   .   (helmet restricted)
rElec    .         Reflect  .   t - +2 cloak
rCorr    .         Harm     .   (gloves unavailable)
MR       .....                  (boots unavailable)
Stlth    +.........             (no amulet)
HPRegen  0.21/turn              (no ring)
MPRegen  0.10/turn              (no ring)

@: no status effects
A: large, unfitting armour, repulsion field 1, clever 1, tough skin 1, subdued
magic 2
a: no special abilities


You were in the Ecumenical Temple.
You were hungry.

You visited 2 branches of the dungeon, and saw 5 of its levels.

You collected 125 gold pieces.

Inventory:

Hand Weapons
 a - a +0 war axe (weapon)
Missiles
 g - 39 stones (quivered)
Armour
 b - a +0 robe (worn)
 c - a +1 shield (worn)
 t - a +2 cloak (worn)
Wands
 i - a wand of polymorph (6)
Scrolls
 k - a scroll of enchant armour
 p - a scroll of identify
Potions
 d - a potion of might
 e - a potion of flight
 q - a potion of degeneration {unknown}
Comestibles
 f - 6 rations
 h - a chunk of flesh


   Skills:
 + Level 5.6 Fighting
 * Level 4.6 Axes
 + Level 3.8 Dodging
 + Level 3.8 Shields


You had 5 spell levels left.
You didn't know any spells.

Dungeon Overview and Level Annotations

Branches:
Dungeon (4/15)             Temple (1/1) D:4

Altars:
Ru
Uskayaw
Yredelemnul
The Shining One


Innate Abilities, Weirdness & Mutations

You are too large for most types of armour.
You have tough skin. (AC +1)
You are surrounded by a mild repulsion field. (EV +2)
Your mind is acute. (Int +2)
Your spells are easier to cast, but less powerful.


Message History

You hit the ogre.
The ogre is heavily wounded.
The ogre barely misses you.
You hit the ogre.
The ogre is heavily wounded.
The ogre hits you with a giant club!!
You are too injured to fight recklessly!
You are too injured to fight recklessly!
You are too injured to fight recklessly!
Your shield prevents you from hitting the ogre.
The ogre is heavily wounded.
The ogre closely misses you.
You barely miss the ogre.
The ogre is heavily wounded.
The ogre hits you with a giant club!!
* * * LOW HITPOINT WARNING * * *
You barely miss the ogre.
The ogre is heavily wounded.
The ogre hits you with a giant club!
You die...

...............
......._.......
...............
..._......._...
......._.......
...............
.......O.......
#@# ###


You could see an ogre.

Vanquished Creatures
  An ogre (D:3)
  The ghost of framaz the Digger, a weakling GrEE (D:3)
  An orc wizard (D:4)
  Crazy Yiuf (D:3)
  Jessica (D:3)
  3 worker ants (D:4)
  Robin (D:3)
  A howler monkey skeleton (D:4)
  2 adders
  An ooze (D:3)
  2 worms
  4 dart slugs
  2 leopard geckos (D:1)
  4 giant cockroaches
  9 goblins
  14 hobgoblins
  2 jackals (D:3)
  A quokka (D:4)
  A ball python (D:3)
  5 bats
  5 frilled lizards
  8 kobolds
  7 rats
  A bush (D:3)
  A plant (D:3)
79 creatures vanquished.

Vanquished Creatures (others)
  A plant (D:3)
1 creature vanquished.

Grand Total: 80 creatures vanquished

Notes
Turn   | Place    | Note
-------+----------+-------------------------------------------
     0 | D:1      | KamiKatze the Ogre Fighter began the quest for the Orb.
     0 | D:1      | Reached XP level 1. HP: 24/24 MP: 1/1
   136 | D:1      | Reached XP level 2. HP: 31/32 MP: 2/2
   359 | D:1      | Reached XP level 3. HP: 19/39 MP: 3/3
   890 | D:2      | Reached XP level 4. HP: 40/49 MP: 4/4
  1266 | D:3      | Noticed Jessica
  1282 | D:3      | Killed Jessica
  1303 | D:3      | Noticed framaz's ghost (weakling GrEE)
  1330 | D:3      | Killed framaz's ghost
  1330 | D:3      | Reached XP level 5. HP: 43/55 MP: 5/5
  1437 | D:3      | Noticed Robin
  1447 | D:3      | Reached skill level 5 in Fighting
  1628 | D:3      | Killed Robin
  2104 | D:3      | Found a runed door.
  2108 | D:3      | Noticed Crazy Yiuf
  2117 | D:3      | Killed Crazy Yiuf
  2354 | D:4      | Found a staircase to the Ecumenical Temple.
  2354 | D:4      | Noticed an ogre
  2354 | D:4      | Noticed an ogre
  2370 | D:3      | Killed an ogre
  2370 | D:3      | Reached XP level 6. HP: 20/66 MP: 6/6
  2431 | D:4      | Gained mutation: Your mind is acute. (Int +2) [potion of mutation]
  2431 | D:4      | Gained mutation: Your spells are a little easier to cast, but a little less powerful. [potion of mutation]
  2431 | D:4      | Gained mutation: Your spells are easier to cast, but less powerful. [potion of mutation]
  2431 | D:4      | Gained mutation: You are surrounded by a mild repulsion field. (EV +2) [potion of mutation]
  2431 | D:4      | HP: 3/66 [poisoned by a worker ant]
  2725 | Temple   | Entered the Ecumenical Temple
  2731 | Temple   | Slain by an ogre

Skill      XL: |  1  2  3  4  5 |
---------------+----------------+-----
Shields        | 3 |  3.8
Dodging        | 3 |  3.8
Axes           | 3 4 |  4.6
Fighting       | 5 |  5.6

Action                   |  1- 3 |  4- 6 || total
-------------------------+-------+-------++-------
Melee: War axe           |   102 |   185 ||   287
       Unarmed           |       |     7 ||     7
Throw: Stone             |       |    10 ||    10
  Use: Scroll            |     1 |     6 ||     7
       Potion            |       |     7 ||     7
  Eat: Chunk             |       |     6 ||     6
Armor: Robe              |    24 |    28 ||    52
Dodge: Dodged            |    42 |    82 ||   124
Block: Shield            |    49 |    83 ||   132
